 Dungeon Crawl Stone Soup version 0.32-a0-391-gce5c0aab1b (webtiles) character file.

Game seed: 18194374330106441741

387 Ekaitz the Magician (level 6, 0/34 HPs)
             Began as a Deep Elf Hedge Wizard on Feb 19, 2024.
             Was an Initiate of Vehumet.
             Succumbed to a scorpion's poison
             ... on level 4 of the Dungeon.
             The game lasted 00:10:45 (3784 turns).

Ekaitz the Magician (Deep Elf Hedge Wizard)         Turns: 3784, Time: 00:10:45

Health: 0/34       AC:  3    Str:  7    XL:     6   Next: 49%
Magic:  3/17       EV: 13    Int: 19    God:    Vehumet [......]
Gold:   259        SH:  0    Dex: 16    Spells: 6/17 levels left

rFire   . . .        a - +1 dagger (venom)
rCold   . . .        (no shield)
rNeg    . . .        b - +0 robe
rPois   .            c - +0 hat
rElec   .            (no cloak)
rCorr   .            (no gloves)
SInv    .            s - +0 pair of boots
Will    .....        A - amulet of guardian spirit
Stlth   +++          (no ring)
HPRegen 0.25/turn    (no ring)
MPRegen 0.15/turn

%: guardian spirit
@: lethally poisoned (0 -> -22), on blink cooldown, very slightly contaminated
A: no striking features
a: Renounce Religion


You were on level 4 of the Dungeon.
You worshipped Vehumet.
Vehumet was noncommittal.
You visited 1 branch of the dungeon, and saw 4 of its levels.

You collected 283 gold pieces.
You spent 24 gold pieces at shops.

Inventory:

Hand Weapons
 a - a +1 dagger of venom (weapon)
 r - a +1 short sword of draining
Missiles
 p - 6 poisoned darts
 q - 4 javelins
 B - 2 datura-tipped darts
Armour
 b - a +0 robe (worn)
 c - a +0 hat (worn)
 m - a +0 buckler
 s - a +0 pair of boots (worn)
Magical Staves
 w - a staff of fire
Jewellery
 A - an amulet of guardian spirit (around neck)
Scrolls
 g - a scroll of noise {unknown}
 i - a scroll of vulnerability {unknown}
 l - 3 scrolls of fog {unknown}
 n - a scroll of poison {unknown}
 o - a scroll of revelation {unknown}
 t - 2 scrolls of identify
 v - a scroll of immolation {unknown}
 y - a scroll of enchant weapon {unknown}
Potions
 d - a potion of magic
 e - a potion of lignification {unknown}
 f - a potion of brilliance {unknown}
 h - 2 potions of attraction {unknown}
 j - a potion of ambrosia {unknown}
 k - a potion of heal wounds {unknown}
 u - a potion of degeneration {unknown}
 x - 2 potions of cancellation {unknown}
 z - a potion of might {unknown}


   Skills:
 + Level 1.2 Fighting
 + Level 1.0 Short Blades
 * Level 3.5 Dodging
 + Level 3.6 Stealth
 + Level 6.3 Spellcasting
 * Level 2.8 Conjurations
 + Level 0.1 Hexes
 * Level 2.9 Summonings
 + Level 1.2 Translocations
 * Level 1.8 Alchemy


You had 6 spell levels left.
You knew the following spells:

 Your Spells              Type           Power      Damage    Failure   Level
a - Magic Dart            Conj           64%        1d6       3%          1
b - Slow                  Hex            24%        N/A       11%         1
c - Call Imp              Summ           34%        N/A       4%          2
d - Blink                 Tloc           20%        N/A       10%         2
e - Cigotuvi's Dreadful   Necr/Alch/Air  16%        N/A       13%         2
f - Mephitic Cloud        Conj/Alch/Air  12%        N/A       17%         3

Your spell library contained the following spells:

 Spells                   Type           Power      Damage    Failure   Level


Dungeon Overview and Level Annotations

Branches:
Dungeon (4/15)             Temple (0/1) D:4

Altars:
Vehumet

Shops:
D:4 ?


Message History

You feel very sick. The scorpion stings you.
You are more poisoned.
The scorpion poisons you! The scorpion completely misses you.
You hit the scorpion but do no damage.
The scorpion is heavily wounded.
You feel very sick. The scorpion stings you.
Okay, then.
Casting: Magic Dart (safe; 3% risk of failure)
Confirm with . or Enter, or press ? or * to list all spells.
A tiny devil pulls itself out of the air.
You feel very sick. The scorpion misses you.
Casting: Call Imp (safe; 4% risk of failure)
Confirm with . or Enter, or press ? or * to list all spells.
You miscast Blink.
You are very lightly contaminated with residual magic.
Nothing appears to happen.
* * * LOW HITPOINT WARNING * * *
You feel very sick. The scorpion barely misses you.
Your cerulean imp closely misses the scorpion.
Casting: Blink (safe; 10% risk of failure)
Confirm with . or Enter, or press ? or * to list all spells.
You blink.
* * * LOW HITPOINT WARNING * * *
You feel very sick. The scorpion stings you.
* * * LOW HITPOINT WARNING * * *
You are more poisoned.
The scorpion poisons you!
Your cerulean imp hits the scorpion but does no damage.
Casting: Blink (safe; 10% risk of failure)
Confirm with . or Enter, or press ? or * to list all spells.
Aiming: Magic Dart (safe; 3% risk of failure)
Press: ? - help, Shift-Dir - straight line, f/p - scorpion
Aim: a scorpion (almost dead, poisoned, ally target, 100% to hit)
You miscast Magic Dart.
Nothing appears to happen.
You die...

########.# #. #.# #.
#.# #. ###.### #.
####.....######.# .
## (.....###........#
# ..
####..#≈#..#####.#
##.#
##.5.###.######.#
...#
#.@s§...........#
##.#
#........############
# #.#####.## # ### #
# #


You could see a scorpion (poisoned, ally target) and a friendly cerulean imp
(summoned).

Vanquished Creatures
  A scorpion (D:3)
  A howler monkey (D:3)
  An iguana (D:4)
  Terence (D:2)
  An orc wizard (D:4)
  An adder (D:3)
  A ribbon worm (D:3)
  3 dart slugs
  8 orcs (D:4)
  7 ball pythons
  5 endoplasms
  7 giant cockroaches
  2 goblins (D:2)
  4 hobgoblins
  A quokka (D:1)
  6 bats
  2 frilled lizards
  13 kobolds
  2 rats
67 creatures vanquished.

Vanquished Creatures (collateral kills)
  A hound (D:4)
  Jessica (D:2)
  An adder (D:4)
  A dart slug (D:1)
  2 hobgoblins
6 creatures vanquished.

Grand Total: 73 creatures vanquished

Notes
Turn   | Place    | Note
-------+----------+-------------------------------------------
     0 | D:1      | Ekaitz the Deep Elf Hedge Wizard began the quest for the
                  | Orb.
     0 | D:1      | Reached XP level 1. HP: 10/10 MP: 7/7
     2 | D:1      | Learned a level 1 spell: Slow
   158 | D:1      | Reached XP level 2. HP: 7/15 MP: 3/9
   165 | D:1      | Learned a level 2 spell: Call Imp
   168 | D:1      | Learned a level 2 spell: Blink
   597 | D:1      | Reached XP level 3. HP: 19/19 MP: 11/11
   615 | D:1      | Learned a level 2 spell: Cigotuvi's Dreadful Rot
   619 | D:1      | Learned a level 3 spell: Mephitic Cloud
   649 | D:1      | Reached skill level 5 in Spellcasting
  1280 | D:2      | Noticed Terence
  1654 | D:2      | Killed Terence
  1655 | D:2      | Reached skill level 1 in Fighting
  1655 | D:2      | Reached XP level 4. HP: 16/25 MP: 5/13
  1988 | D:2      | Noticed Jessica
  1994 | D:2      | Killed Jessica
  2219 | D:3      | Reached skill level 1 in Alchemy
  2224 | D:3      | Reached XP level 5. HP: 29/29 MP: 6/15
  2567 | D:3      | Reached skill level 6 in Spellcasting
  2632 | D:3      | Found a radiant altar of Vehumet.
  2640 | D:3      | Became a worshipper of Vehumet
  2727 | D:3      | Reached XP level 6. HP: 34/34 MP: 11/17
  3319 | D:4      | Found Vylucy's Magic Scroll Emporium.
  3326 | D:4      | Bought a scroll of identify for 24 gold pieces
  3532 | D:4      | Found a staircase to the Ecumenical Temple.
  3561 | D:4      | Reached skill level 1 in Short Blades
  3784 | D:4      | Succumbed to a scorpion's poison

Illustrated notes

Levels and vault maps discovered:
D:1:      dpeg_arrival_pits, layout_basic, minmay_misc_feat_iff,
          minmay_tromino_v2
D:2:      layout_loops_ring, kennysheep_generic_room_14, uniq_terence,
          uniq_jessica
D:3:      layout_basic, nicolae_vehumet_radiance, minmay_goblin_kobold_house
D:4:      layout_loops_ring, minmay_temple_entry_wispy, serial_shops, shop,
          grunt_ministairs_14, feat_on_display

Skill      XL: |  1  2  3  4  5  6 |
---------------+-------------------+-----
Summonings     | 2 |  2.9
Spellcasting   | 5 6 |  6.3
Fighting       | 1 |  1.2
Stealth        | 3 |  3.6
Conjurations   | 2 |  2.8
Alchemy        | 1 |  1.8
Dodging        | 3 |  3.5
Short Blades   | 1 |  1.0
Hexes          | |  0.1
Translocations | |  1.2

Action                     |  1- 3 |  4- 6 || total
---------------------------+-------+-------++-------
  Melee: Dagger            |    23 |    74 ||    97
  Throw: Dart              |     2 |       ||     2
   Cast: Magic Dart        |    59 |    66 ||   125
         Call Imp          |     6 |    10 ||    16
         Blink             |     2 |     4 ||     6
         Slow              |     2 |       ||     2
         Mephitic Cloud    |     1 |     3 ||     4
         Cigotuvi's Dreadf |     1 |       ||     1
   Stab: Sleeping          |     9 |     5 ||    14
         Confused          |       |     3 ||     3
 Armour: Robe              |    22 |    47 ||    69
  Dodge: Dodged            |    15 |    43 ||    58

Table legend: (Time is in decaauts)
 A = Elapsed time spent in this place.
 B = Non-inter-level travel time spent in this place.
 C = Inter-level travel time spent in this place.
 D = Time resting spent in this place.
 E = Time spent auto-exploring this place.
 F = Levels seen in this place.
 G = Mean time per level.
                   A        B        C        D        E       F      G
               +--------+--------+--------+--------+--------+-----+--------+
         Total |   3786 |   3685 |    101 |    386 |   2569 |   4 |  946.5 |
       Dungeon |   3786 |   3685 |    101 |    386 |   2569 |   4 |  946.5 |
               +--------+--------+--------+--------+--------+-----+--------+

Top non-repeatable levels by time:
     D:1: 1191 daAuts
     D:3: 999 daAuts
     D:2: 880 daAuts
     D:4: 715 daAuts
